 Dungeon Crawl Stone Soup version 0.29-a0-359-g541a27f54d (webtiles) character file.

Game seed: 5329102860178265180

354 Agony the Ducker (level 6, 0/45 (48) HPs)
             Began as a Merfolk Gladiator on Apr 28, 2022.
             Slain by a wight
             ... wielding a +0 scimitar
              (11 damage)
             ... on level 3 of the Dungeon.
             The game lasted 00:07:40 (3625 turns).

Agony the Ducker (Merfolk Gladiator)                Turns: 3625, Time: 00:07:40

HP:   0/45 (48)     AC:  4    Str: 16    XL:     6   Next: 62%
MP:   6/6           EV: 14    Int:  8    God:
Gold: 108           SH:  0    Dex: 15    Spells: 5/5 levels left

rFire   . . .      SeeInvis .   a - +0 trident
rCold   . . .      Faith    .   (no shield)
rNeg    . . .      Spirit   .   b - +0 leather armour
rPois   .          Reflect  .   c - +0 helmet
rElec   .          Harm     .   (no cloak)
rCorr   .          Rampage  .   (no gloves)
Will    .....                   (no boots)
Stlth   +.........              (no amulet)
HPRegen 0.15/turn               (no ring)
MPRegen 0.10/turn               (no ring)

@: drained
A: (nimble swimmer 2), mertail
a: no special abilities


You were on level 3 of the Dungeon.
You visited 1 branch of the dungeon, and saw 4 of its levels.
You also visited: Ossuary.

You collected 108 gold pieces.

Inventory:

Hand Weapons
 a - a +0 trident (weapon)
Missiles
 j - a curare-tipped dart (quivered)
Armour
 b - a +0 leather armour (worn)
 c - a +0 helmet (worn)
Wands
 d - a wand of flame (24)
Scrolls
 f - 2 scrolls of blinking
 i - 4 scrolls of noise {unknown}
Potions
 g - 2 potions of attraction {unknown}
 h - a potion of curing {unknown}
 m - a potion of degeneration
 n - a potion of cancellation


   Skills:
 + Level 3.9 Fighting
 + Level 5.5 Polearms
 + Level 3.4 Throwing
 + Level 1.7 Armour
 + Level 5.5 Dodging


You had 5 spell levels left.
You didn't know any spells.
Your spell library contained the following spells:

 Spells                   Type           Power      Damage    Failure   Level
 Apportation              Tloc           0%         N/A       47%         1
 Ensorcelled Hibernation  Hex/Ice        0%         N/A       63%         2
 Passwall                 Tmut/Erth      0%         N/A       63%         2
 Static Discharge         Conj/Air       0%         N/A       63%         2
 Swiftness                Air            0%         N/A       85%         3
 Dispel Undead            Necr           0%         3d6       99%         4
 Sticky Flame             Conj/Fire      0%         2d3       99%         4
 Alistair's Intoxication  Tmut/Pois      0%         N/A       100%        5


Dungeon Overview and Level Annotations

Branches:
Dungeon (4/15)            Ossuary (visited)
 Temple: D:4-7

Altars:


Innate Abilities, Weirdness & Mutations

((You are very nimble when in or above water. (Stealth+, EV+, Speed+++)))
Your lower body shifts to a powerful aquatic tail in water.


Message History

Throw: javelin
Press: ? - help, Q - select action, (/) - cycle Shift-Dir - straight line, f - wight
Aim: a wight, wielding a +0 falchion and wearing a +0 robe (60% to hit)
You throw a javelin. The javelin closely misses the quokka.
The javelin pierces through the wight.
The wight is moderately damaged.
A bat comes into view.
A wight comes into view. It is wielding a +0 scimitar.
The quokka misses you.
The bat moves out of view.
Reach: a) +0 trident
Press: ? - help, Dir - move target, f/p - wight
Aim: a wight, wielding a +0 falchion and wearing a +0 robe (moderately damaged, about 40% to evade your +0 trident)
The quokka is in the way.
You hit the quokka.
You kill the quokka!
A wight comes into view. It is wielding a +0 halberd.
You hit the wight but do no damage.
The wight is moderately damaged.
The wight barely misses you.
You hit the wight.
The wight is heavily damaged.
The wight hits you with a +0 falchion.
You barely miss the wight.
The wight is heavily damaged.
The wight closely misses you.
You hit the wight.
The wight is heavily damaged.
The wight hits you with a +0 falchion!
You feel drained.
You hit the wight.
The wight is severely damaged.
You completely miss the wight.
Okay, then.
You barely miss the wight. The wight barely misses you.
You barely miss the wight. The wight hits you with a +0 scimitar.
You barely miss the wight. The wight hits you with a +0 scimitar!
You feel drained.
* * * LOW HITPOINT WARNING * * *
You hit the wight.
The wight is lightly damaged.
The wight hits you with a +0 scimitar!
You die...

#.##.# #..#.#
##)#.# #...# ##..#
#..###########
##>..........#
..###############.#
(.'zbzz@.# #.#
..######.# #.# #.#
#.# #.# #.# #.# #.#
#.# #.#
#.########.#
#.)........#
############


You could see 3 wights and a bat.

Vanquished Creatures
  A kobold brigand (D:4)
  A necrophage (D:4)
  A hound (D:4)
  A jelly (D:4)
  An iguana (D:4)
  Robin (D:4)
  3 gnolls (D:2)
  4 adders (D:4)
  A worm (D:4)
  2 dart slugs
  An orc (D:3)
  2 bats (D:1)
  4 endoplasms
  4 giant cockroaches
  15 goblins
  5 hobgoblins
  5 kobolds
  2 quokkas
  3 ball pythons
  4 frilled lizards
  A goblin zombie (D:4)
  3 rats
  A rat zombie (D:4)
66 creatures vanquished.

Notes
Turn   | Place    | Note
-------+----------+-------------------------------------------
     0 | D:1      | Agony the Merfolk Gladiator began the quest for the Orb.
     0 | D:1      | Reached XP level 1. HP: 16/16 MP: 1/1
   113 | D:1      | Reached XP level 2. HP: 23/23 MP: 2/2
   663 | D:1      | Reached XP level 3. HP: 28/28 MP: 3/3
  1359 | D:2      | Found a faded altar of an unknown god.
  1500 | D:2      | HP: 1/28 [gnoll/+0 spear (7)]
  1512 | D:2      | Reached XP level 4. HP: 10/34 MP: 4/4
  1648 | D:2      | You fall into a shaft and drop 2 floors!
  1805 | D:4      | Noticed a kobold brigand
  1813 | D:4      | Killed a kobold brigand
  1814 | D:4      | Reached skill level 1 in Armour
  1814 | D:4      | Reached skill level 5 in Dodging
  1814 | D:4      | Reached XP level 5. HP: 26/41 MP: 5/5
  1942 | D:4      | Found a sand-covered staircase.
  1949 | D:4      | Noticed Robin
  1951 | D:4      | Reached skill level 5 in Polearms
  1964 | D:4      | Killed Robin
  1978 | Ossuary  | Entered an ossuary
  2701 | D:4      | Reached XP level 6. HP: 41/47 MP: 6/6
  3625 | D:3      | Slain by a wight

Illustrated notes

Levels and vault maps discovered:
D:1:      psy_arrival_radial02, layout_basic, chequers_jeans
D:2:      layout_loops_ring, ebering_ecumenical_altar_rust, basic_altar,
          columned_hall_lemuel, nicolae_figureground_sparkle, uniq_terence,
          uniq_sigmund
D:3:      layout_basic
D:4:      layout_basic, enter_ossuary_4, uniq_robin

Skill      XL: |  1  2  3  4  5 |
---------------+----------------+-----
Fighting       | 3 |  3.9
Armour         | 1 |  1.7
Dodging        | 5 |  5.5
Polearms       | 5 |  5.5
Throwing       | 3 |  3.4

Action                   |  1- 3 |  4- 6 || total
-------------------------+-------+-------++-------
Melee: Trident           |    97 |   115 ||   212
       Punch             |     2 |     1 ||     3
Throw: Throwing net      |       |     3 ||     3
       Javelin           |       |     4 ||     4
  Use: Scroll            |     7 |       ||     7
       Potion            |     2 |     1 ||     3
 Stab: Sleeping          |     2 |     2 ||     4
Armor: Leather armour    |    20 |    20 ||    40
Dodge: Dodged            |    44 |    65 ||   109

Table legend: (Time is in decaauts)
 A = Elapsed time spent in this place.
 B = Non-inter-level travel time spent in this place.
 C = Inter-level travel time spent in this place.
 D = Time resting spent in this place.
 E = Time spent auto-exploring this place.
 F = Levels seen in this place.
 G = Mean time per level.
                   A        B        C        D        E       F      G
               +--------+--------+--------+--------+--------+-----+--------+
         Total |   3638 |   3610 |     28 |   1115 |   1970 |   5 |  727.6 |
       Dungeon |   3627 |   3599 |     28 |   1115 |   1970 |   4 |  906.8 |
       Ossuary |     10 |     10 |      0 |      0 |      0 |   1 |   10.0 |
               +--------+--------+--------+--------+--------+-----+--------+

Top non-repeatable levels by time:
     D:4: 1820 daAuts
     D:1: 1122 daAuts
     D:2: 533 daAuts
     D:3: 151 daAuts
 Ossuary: 10 daAuts
